 Dungeon Crawl Stone Soup version 0.29-a0-422-gafbd6decc1 (webtiles) character file.

Game seed: 668853094727741023

10 jlumianski the Skirmisher (level 2, -5/24 HPs)
             Began as a Demonspawn Fighter on May 18, 2022.
             Slain by a gnoll
             ... wielding a +0 club
              (8 damage)
             ... on level 1 of the Dungeon.
             The game lasted 00:01:02 (278 turns).

jlumianski the Skirmisher (Demonspawn Fighter)       Turns: 278, Time: 00:01:05

Health: -5/24      AC:  6    Str: 16    XL:     2   Next: 10%
Magic:  2/2        EV:  8    Int:  9    God:
Gold:   0          SH:  4    Dex: 12    Spells: 1/1 levels left

rFire   . . .      SeeInvis .   a - +0 war axe
rCold   . . .      Faith    .   c - +0 buckler
rNeg    . . .      Spirit   .   b - +0 scale mail
rPois   .          Reflect  .   (no helmet)
rElec   .          Harm     .   (no cloak)
rCorr   .          Rampage  .   (no gloves)
Will    .....                   (no boots)
Stlth   ..........              (no amulet)
HPRegen 0.08/turn               (no ring)
MPRegen 0.08/turn               (no ring)

@: no status effects
A: demonic guardian 1
a: no special abilities


You were on level 1 of the Dungeon.
You visited 1 branch of the dungeon, and saw 2 of its levels.

Inventory:

Hand Weapons
 a - a +0 war axe (weapon)
Missiles
 e - 20 stones (quivered)
Armour
 b - a +0 scale mail (worn)
 c - a +0 buckler (worn)
Potions
 d - a potion of might
 f - a potion of resistance {unknown}


   Skills:
 + Level 3.2 Fighting
 + Level 1.9 Axes
 + Level 2.8 Armour
 + Level 2.8 Shields


You had one spell level left.
You didn't know any spells.
Your spell library was empty.

Dungeon Overview and Level Annotations

Branches:
Dungeon (2/15)

Altars:


Innate Abilities, Weirdness & Mutations

A weak demonic guardian rushes to your aid.


Message History

A rat comes into view.
There is an open door here.
The rat bites you but does no damage. The rat attacks as you move away!
The rat bites you but does no damage.
You hit the rat but do no damage. The rat bites you but does no damage.
You hit the rat.
The rat is moderately wounded.
The rat bites you but does no damage. x2
You closely miss the rat.
The rat is moderately wounded.
You block the rat's attack.
You hit the rat.
You kill the rat!
You see here a rat corpse.
Found a stone staircase leading down.
There is a stone staircase leading down here.
You climb downwards.
The gnoll shouts! x3
Found a glowing war axe.
Found a stone staircase leading down.
There is a stone staircase leading up here.
You climb upwards.
There is a stone staircase leading down here.
You climb downwards.
The gnoll hits you with a +0 club.
A demonic guardian appears!
There is a stone staircase leading up here.
You block the gnoll's attack. The gnoll hits you but does no damage.
The gnoll hits you with a +0 whip.
Your quasit barely misses the gnoll.
Your quasit claws the gnoll.
Your quasit claws the gnoll but does no damage.
You climb upwards.
There is a stone staircase leading down here.
You barely miss the gnoll. You closely miss the gnoll.
The gnoll hits you with a +0 whip! The gnoll hits you with a +0 club.
You hit the gnoll.
The gnoll is moderately wounded.
You barely miss the gnoll. You block the gnoll's attack.
The gnoll hits you with a +0 whip.
* * * LOW HITPOINT WARNING * * *
The gnoll barely misses you. The gnoll hits you with a +0 club!
You die...

## .# ##
.# ##
#########
#
+...g@gg#
#
#######.#
# #.# #.#
#.# #####
#.#
####.#.#
#.#
##.#....#
#.# #
##.......#
#.#


You could see 3 gnolls.

Vanquished Creatures
  A dart slug (D:1)
  A ball python (D:1)
  2 endoplasms (D:1)
  A goblin (D:1)
  A bat (D:1)
  A frilled lizard (D:1)
  A rat (D:1)
8 creatures vanquished.

Notes
Turn   | Place    | Note
-------+----------+-------------------------------------------
     0 | D:1      | jlumianski the Demonspawn Fighter began the quest for the
                  | Orb.
     0 | D:1      | Reached XP level 1. HP: 18/18 MP: 1/1
    61 | D:1      | Noticed a great orb of eyes
    62 | D:1      | Found a faded altar of an unknown god.
   213 | D:1      | Gained mutation: A weak demonic guardian rushes to your
                  | aid. [demonic ancestry]
   213 | D:1      | Reached XP level 2. HP: 24/24 MP: 2/2
   278 | D:1      | Slain by a gnoll

Illustrated notes

Levels and vault maps discovered:
D:1:      heliophobic_arrival_ceremonial_halls, layout_basic,
          hellmonk_ecumenical_altar_watching_god, chequers_garden,
          nicolae_figureground_sparkle
D:2:      layout_loops_ring, kennysheep_flooded_box, mrwooster_statue_mirror

Action                   || total
-------------------------++-------
Melee: War axe           ||    22
Armor: Scale mail        ||    14
Dodge: Dodged            ||     6
Block: Buckler           ||     7

Table legend: (Time is in decaauts)
 A = Elapsed time spent in this place.
 B = Non-inter-level travel time spent in this place.
 C = Inter-level travel time spent in this place.
 D = Time resting spent in this place.
 E = Time spent auto-exploring this place.
 F = Levels seen in this place.
 G = Mean time per level.
                   A        B        C        D        E       F      G
               +--------+--------+--------+--------+--------+-----+--------+
         Total |    288 |    288 |      0 |      0 |    126 |   2 |  144.0 |
       Dungeon |    288 |    288 |      0 |      0 |    126 |   2 |  144.0 |
               +--------+--------+--------+--------+--------+-----+--------+

Top non-repeatable levels by time:
     D:1: 284 daAuts
     D:2: 4 daAuts
